 Dungeon Crawl Stone Soup version 0.28-a0-1629-gf728b707aa (webtiles) character file.

Game seed: 1311886291221948759

14 avis the Chopper (level 2, -4/27 HPs)
             Began as a Hill Orc Monk on Jan 25, 2022.
             Hit by a stone thrown by a kobold (8 damage)
             ... on level 1 of the Dungeon.
             The game lasted 00:02:33 (780 turns).

avis the Chopper (Hill Orc Monk)                     Turns: 780, Time: 00:02:33

Health: -4/27      AC:  2    Str: 13    XL:     2   Next: 41%
Magic:  2/2        EV: 12    Int: 10    God:
Gold:   17         SH:  0    Dex: 13    Spells: 1/1 levels left

rFire   . . .      SeeInvis .   a - +0 hand axe
rCold   . . .      Faith    .   (no shield)
rNeg    . . .      Spirit   .   b - +0 robe
rPois   .          Reflect  .   (no helmet)
rElec   .          Harm     .   (no cloak)
rCorr   .          Rampage  .   (no gloves)
Will    .....                   (no boots)
Stlth   ++........              (no amulet)
HPRegen 0.09/turn               (no ring)
MPRegen 0.08/turn               (no ring)

@: no status effects
A: no striking features
a: no special abilities


You were on level 1 of the Dungeon.
You visited 1 branch of the dungeon, and saw 1 of its levels.

You collected 17 gold pieces.

Inventory:

Hand Weapons
 a - a +0 hand axe (weapon)
Missiles
 h - 5 stones (quivered)
Armour
 b - a +0 robe (worn)
Jewellery
 c - a ring of see invisible
Scrolls
 d - a scroll of noise {unknown}
 e - a scroll of identify {unknown}
 f - a scroll of holy word {unknown}
 g - a scroll of brand weapon {unknown}


   Skills:
 - Level 3.7 Fighting
 * Level 4.8 Axes
 - Level 2.4 Dodging
 - Level 1.6 Stealth


You had one spell level left.
You didn't know any spells.
Your spell library contained the following spells:

 Spells                   Type           Power      Damage    Failure   Level
 Sandblast                Erth           0%         2d4       36%         1
 Blink                    Tloc           0%         N/A       50%         2
 Passwall                 Tmut/Erth      0%         N/A       50%         2
 Stone Arrow              Conj/Erth      0%         3d7       75%         3
 Manifold Assault         Tloc           0%         N/A       100%        5
 Storm Form               Tmut/Air       0%         N/A       100%        7


Dungeon Overview and Level Annotations

Branches:
Dungeon (1/15)

Altars:


Message History

You start resting.
HP restored.
You now have 17 gold pieces.
A frilled lizard comes into view.
The frilled lizard hisses angrily.
The frilled lizard misses you.
You completely miss the frilled lizard. The frilled lizard closely misses you.
You closely miss the frilled lizard. The frilled lizard closely misses you.
You closely miss the frilled lizard. The frilled lizard closely misses you.
You hit the frilled lizard.
You kill the frilled lizard!
You see here a frilled lizard corpse.
A kobold comes into view. It is wielding a +0 club.
You hit the kobold.
You kill the kobold!
Things that are here:
a +0 club; a kobold corpse A kobold comes into view.
It is wielding a +0 club.
The helpless kobold fails to defend itself.
You hit the kobold.
You kill the kobold!
Things that are here:
a +0 club; 5 stones
h - 5 stones You open the door.
There is an open door here.
A kobold comes into view. It is wielding a +7 short sword.
The kobold shouts!
The kobold throws a stone.
The stone closely misses you.
The kobold throws a stone.
The stone hits you but does no damage.
The kobold hits you with a +7 short sword.
You barely miss the kobold.
The kobold hits you with a +7 short sword.
You barely miss the kobold.
The kobold hits you with a +7 short sword!
You closely miss the kobold.
The kobold hits you with a +7 short sword.
* * * LOW HITPOINT WARNING * * *
The kobold throws a stone.
The stone hits you!
You die...

.##......# #.#
#......## .##......#
#.# #......##
.######### #.####
#......## .#######
#....# #####'##.
.......# ... #....#
#.... ######.#
#.#####....# #.###
#≈≈# #.#
...........########.#
≈## #.#
#.######............#
≈≈# #.#
#.#.K.@'......#####.#
#'####.#
#.#.####....#.# #.###
.......# #.#.#
####.#.# #....
.......# #.#.# #.#.#
#..## .......####.#.#
#)#.# #..##
..............# #.#.#
#..## .......####.###
#.#.# #..). .......#
#.# #.#.# #.###
≈......# #.# #.# #.#
#


You could see a kobold.

Vanquished Creatures
  An endoplasm (D:1)
  A goblin (D:1)
  3 quokkas (D:1)
  2 ball pythons (D:1)
  2 frilled lizards (D:1)
  3 kobolds (D:1)
  A rat (D:1)
13 creatures vanquished.

Notes
Turn   | Place    | Note
-------+----------+-------------------------------------------
     0 | D:1      | avis the Hill Orc Monk began the quest for the Orb.
     0 | D:1      | Reached XP level 1. HP: 19/19 MP: 1/1
   464 | D:1      | Found a faded altar of an unknown god.
   519 | D:1      | Reached XP level 2. HP: 27/27 MP: 2/2
   780 | D:1      | Hit by a stone thrown by a kobold

Illustrated notes

Levels and vault maps discovered:
D:1:      lemuel_arrival_river_passageway, layout_basic,
          chequers_ecumenical_altar_island, hangedman_abyss_or_decor_lesser_grid

Action                   || total
-------------------------++-------
Melee: Hand axe          ||    35
 Stab: Sleeping          ||     3
Armor: Robe              ||     2
Dodge: Dodged            ||    22

Table legend: (Time is in decaauts)
 A = Elapsed time spent in this place.
 B = Non-inter-level travel time spent in this place.
 C = Inter-level travel time spent in this place.
 D = Time resting spent in this place.
 E = Time spent auto-exploring this place.
 F = Levels seen in this place.
 G = Mean time per level.
                   A        B        C        D        E       F      G
               +--------+--------+--------+--------+--------+-----+--------+
         Total |    793 |    793 |      0 |    340 |    239 |   1 |  793.0 |
       Dungeon |    793 |    793 |      0 |    340 |    239 |   1 |  793.0 |
               +--------+--------+--------+--------+--------+-----+--------+

Top non-repeatable levels by time:
     D:1: 793 daAuts
